Map: Deathaura LE

Players

NeoBlade

  • Race: Protoss Protoss
  • Spawn Location: 11:00

A.I. 1 (Elite) - Winner!

  • Race: Terran Terran
  • Spawn Location: 5:00

VOD

Have the link to the VOD?

Description

Just a test: 8-Stalker PvT pressure

Time

  • Played on: June 16, 2020, 8:37 a.m.
  • Length: 5:23
Show
View Real Time Build Order
Export as new Build Order

NeoBlade Protoss 

Build Orders:  

Get SALT Encoding   

  12  0:00  Probe  
  13  0:13  Probe  
  14  0:18  Pylon  
  14  0:25  Probe  
  15  0:36  Probe  
  15  0:37  Gateway  
  16  0:44  Probe  
  16  0:48  Assimilator  
  17  0:54  Probe  
  18  0:58  Assimilator  
  18  1:06  Probe  
  19  1:15  Gateway  
  19  1:16  Probe  
  19  1:24  Probe  
  20  1:27  Cybernetics Core  
  21  1:36  Pylon  
  21  1:40  Probe  
  22  1:52  Probe  
  23  1:57  Warp Gate  
  23  2:04  Probe, Stalker x2  
  28  2:16  Probe, Pylon  
  29  2:28  Probe  
  30  2:34  Stalker x2  
  34  2:47  Pylon  
  34  2:57  Probe  
  35  3:04  Stalker x2  
  39  3:20  Nexus  
  39  3:25  Probe  
  40  3:32  Twilight Council  
  40  3:41  Pylon  
  40  3:49  Probe  
  41  4:01  Probe  
  42  4:04  Stalker  
  42  4:05  Stalker  
  46  4:13  Probe  
  45  4:25  Probe  
  45  4:26  Pylon  
  45  4:30  Gateway  
  46  4:37  Probe x2  
  48  4:44  Robotics Facility  
  48  4:47  Sentry  
  48  4:49  Probe  
  48  4:50  Probe  
  52  4:53  Stalker  
  54  5:02  Probe  
  54  5:03  Probe  
Show
View Real Time Build Order
Export as new Build Order

A.I. 1 (Elite) Terran - Winner!

Build Orders:  

Get SALT Encoding   

  12  0:00  SCV  
  13  0:13  SCV  
  14  0:18  Supply Depot  
  14  0:25  SCV  
  15  0:28  Refinery  
  15  0:39  SCV  
  16  0:48  Barracks  
  16  0:51  SCV  
  17  1:03  SCV  
  18  1:09  Supply Depot  
  18  1:15  SCV  
  19  1:28  SCV  
  20  1:36  Marine  
  20  1:39  Factory  
  21  1:45  Barracks  
  21  1:46  SCV  
  22  1:54  Marine  
  22  1:58  SCV  
  24  2:02  Supply Depot  
  24  2:10  SCV  
  24  2:12  Marine  
  26  2:22  Factory Tech Lab, SCV  
  27  2:30  Marine  
  27  2:34  SCV  
  27  2:35  Marine  
  30  2:42  Siege Tank  
  33  2:46  SCV  
  33  2:59  SCV  
  33  3:04  Command Center  
  34  3:19  Orbital Command  
  34  3:26  Refinery  
  34  3:36  Marine  
  34  3:39  Marine  
  36  3:45  SCV  
  37  3:54  Marine  
  38  3:57  SCV  
  38  3:58  Supply Depot  
  39  4:10  Marine, Barracks  
  39  4:16  SCV  
  39  4:19  Marine  
  39  4:21  SCV  
  38  4:28  SCV, Marine  
  40  4:33  SCV  
  41  4:40  Starport  
  41  4:41  SCV, Barracks Tech Lab  
  43  4:45  SCV  
  43  4:46  Barracks Tech Lab  
  43  4:53  SCV  
  43  4:56  Marine  
  43  4:57  SCV  
  43  4:58  Marine  
  47  5:04  Marine  
  47  5:06  SCV  
  49  5:09  SCV  
Tags
 
Matchup
PvT
Spawn Locations
Cross Positions
Add a new tag
Caveats
  • Supply blocks, unpowered buildings, or Contaminate may cause inaccurate times.
  • Supply counts are checked every 10 seconds.